 Dungeon Crawl Stone Soup version 0.31-a0-1589-g8f5e8aebd6 (webtiles) character file.

Game seed: 14112260598427022459

53 monsoonserge the Digger (level 3, 0/26 HPs)
             Began as a Ghoul Earth Elementalist on Jan 5, 2024.
             Slain by an orc
             ... wielding a +0 hand axe
              (4 damage)
             ... on level 2 of the Dungeon.
             The game lasted 00:02:40 (1002 turns).

monsoonserge the Digger (Ghoul Earth Elementalist)  Turns: 1002, Time: 00:02:40

Health: 0/26       AC:  5    Str: 11    XL:     3   Next: 87%
Magic:  0/6        EV: 10    Int: 16    God:
Gold:   63         SH:  0    Dex:  9    Spells: 5/6 levels left

rFire   . .          .
                       - Unarmed
rCold   + . .        (no shield)
rNeg    + + +        d - +0 ring mail
rPois   ∞            (no helmet)
rElec   .            (no cloak)
rCorr   .            (no gloves)
SInv    .            (no boots)
Will    .....        (no amulet)
Stlth   +            g - +4 ring of slaying
HPRegen 0.00/turn    (no ring)
MPRegen 0.10/turn

%: no passive effects
@: inhibited regen
A: claws 1, cold resistance 1, negative energy resistance 3, inhibited
regeneration, torment resistance 2, devour on kill
a: no special abilities


You were on level 2 of the Dungeon.
You visited 1 branch of the dungeon, and saw 2 of its levels.

You collected 63 gold pieces.

Inventory:

Hand Weapons
 e - a +0 spear
 f - a +0 short sword
 h - a +1 vampiric dagger
Armour
 a - a +0 robe
 d - a +0 ring mail (worn)
Jewellery
 g - a +4 ring of slaying (left claw)
Scrolls
 c - 3 scrolls of identify {unknown}
Potions
 b - a potion of magic


   Skills:
 + Level 0.5 Armour
 + Level 2.1 Dodging
 + Level 2.3 Stealth
 + Level 1.1 Unarmed Combat
 - Level 2.0 Spellcasting
 + Level 0.7 Conjurations
 + Level 4.3 Earth Magic


You had 5 spell levels left.
You knew the following spells:

 Your Spells              Type           Power      Damage    Failure   Level
a - Sandblast             Erth           30%        2d9       9%          1

Your spell library contained the following spells:

 Spells                   Type           Power      Damage    Failure   Level
 Passwall                 Erth           15%        N/A       26%         3
 Stone Arrow              Conj/Erth      18%        3d8       47%         3
 Brom's Barrelling Bould  Conj/Erth      9%         2d3       87%         4
 Petrify                  Alch/Erth      8%         N/A       91%         4


Dungeon Overview and Level Annotations

Branches:
Dungeon (2/15)

Altars:


Innate Abilities, Weirdness & Mutations

You are immune to poison.
You have sharp fingernails.
Your flesh is cold resistant. (rC+)
You are immune to negative energy. (rN+++)
You do not regenerate when monsters are visible.
You are immune to unholy pain and torment.
You thrive by killing the living.


Message History

You scratch the orc priest but do no damage.
The orc priest hits you but does no damage.
An orc comes into view. It is wielding a +0 hand axe.
Casting: Sandblast (safe; 10% risk of failure)
Confirm with . or Enter, or press ? or * to list all spells.
Aiming: Sandblast (safe; 10% risk of failure)
Press: ? - help, Shift-Dir - straight line, f/p - orc priest
Aim: an orc priest, wielding a +0 hand axe and wearing a +1 leather armour of poison resistance (82% to hit)
The blast of sand hits the orc priest!
The orc priest is heavily wounded.
The orc priest closely misses you.
Your magical contamination has completely faded away.
You closely miss the orc priest.
The orc priest is heavily wounded.
The orc priest hits you with a +0 hand axe.
The orc closely misses you.
You scratch the orc priest.
The orc priest is severely wounded.
The orc completely misses you.
The orc priest hits you with a +0 hand axe.
You scratch the orc priest.
The orc priest is severely wounded.
The orc priest hits you with a +0 hand axe.
The orc hits you with a +0 hand axe.
* * * LOW HITPOINT WARNING * * *
Unknown command.
You barely miss the orc priest.
The orc priest is severely wounded.
The orc priest barely misses you. The orc hits you with a +0 hand axe.
* * * LOW HITPOINT WARNING * * *
You scratch the orc priest.
You kill the orc priest!
You feel better. The orc hits you with a +0 hand axe.
* * * LOW HITPOINT WARNING * * *
Your Unarmed Combat skill increases to level 1!
Unknown command.
You scratch the orc.
The orc is moderately wounded.
The orc hits you with a +0 hand axe.
You die...

#.###.####.#
#.#. #.# #...
>.# #.#.
#.###.###...
#... ##...##
..... #...
###.#
#.......##†..
####.####
.......<..
#(......#
.....##.#.
#.##o##.# ...
#... # #@# #
. ###. #)# #.
#.# #. #.# #.
... #. #.< #.
###


You could see an orc.

Vanquished Creatures
  An orc priest (D:2)
  A dart slug (D:1)
  2 orcs (D:2)
  2 bats (D:1)
  A goblin (D:1)
  4 hobgoblins (D:1)
  2 kobolds (D:1)
  2 quokkas
  A frilled lizard (D:1)
  3 rats
19 creatures vanquished.

Notes
Turn   | Place    | Note
-------+----------+-------------------------------------------
     0 | D:1      | monsoonserge the Ghoul Earth Elementalist began the quest
                  | for the Orb.
     0 | D:1      | Reached XP level 1. HP: 14/14 MP: 3/3
   215 | D:1      | Reached XP level 2. HP: 20/20 MP: 1/4
   988 | D:2      | Reached skill level 4 in Earth Magic
   994 | D:2      | Reached XP level 3. HP: 22/26 MP: 1/6
  1002 | D:2      | Reached skill level 1 in Unarmed Combat
  1002 | D:2      | Slain by an orc

Illustrated notes

Levels and vault maps discovered:
D:1:      minmay_arrival_up_and_down, layout_loops_ring, minmay_cut_off
D:2:      layout_loops_cross, serial_shops, shop, corexii_hall_statues_x

Skill      XL: |  1  2  3 |
---------------+----------+-----
Dodging        | 2 |  2.1
Spellcasting   | 2 |  2.0
Earth Magic    | 4 |  4.3
Unarmed Combat | 1 |  1.1
Armour         | |  0.5
Stealth        | |  2.3
Conjurations   | |  0.7

Action                     || total
---------------------------++-------
  Melee: Unarmed           ||    28
   Cast: Sandblast         ||    22
   Stab: Sleeping          ||     1
 Armour: Ring mail         ||    30
         Robe              ||     3
  Dodge: Dodged            ||    22

Table legend: (Time is in decaauts)
 A = Elapsed time spent in this place.
 B = Non-inter-level travel time spent in this place.
 C = Inter-level travel time spent in this place.
 D = Time resting spent in this place.
 E = Time spent auto-exploring this place.
 F = Levels seen in this place.
 G = Mean time per level.
                   A        B        C        D        E       F      G
               +--------+--------+--------+--------+--------+-----+--------+
         Total |   1009 |    990 |     19 |      0 |    810 |   2 |  504.5 |
       Dungeon |   1009 |    990 |     19 |      0 |    810 |   2 |  504.5 |
               +--------+--------+--------+--------+--------+-----+--------+

Top non-repeatable levels by time:
     D:1: 914 daAuts
     D:2: 95 daAuts
